Harfangs vs Mulligans
Created - December 30, 2018 at 09:52
Goals
|
Harfangs |
2 |
3 |
1 |
6 |
Mulligans |
2 |
2 |
1 |
5 |
|
Shots
|
Harfangs |
6 |
15 |
5 |
26 |
Mulligans |
16 |
12 |
9 |
37 |
|
1st period
1. Mulligans , Anton Lander 15 (Drayson Bowman 12) at 4:23
2. Harfangs , Tomas Kubalik 15 (Michael Bournival 14) at 7:59
3. Harfangs , Tomas Kubalik 16 (Oscar Sundqvist 10, Michael Bournival 15) at 9:52
4. Mulligans , Logan Shaw 6 (Michael Sdao 10, Anton Lander 13) at 15:39
Penalties :
Dylan Olsen (BEA) for Holding (Minor) at 13:26
2nd period
5. Mulligans , Nick Bonino 27 (Maxime Macenauer 14) at 2:45 (PP)
6. Harfangs , Andreas Martinsen 10 (Reid McNeill 6, Calle Jarnkrok 23) at 3:07
7. Mulligans , Nick Bonino 28 (Matt Beleskey 13, Matt Donovan 30) at 4:41
8. Harfangs , Oscar Sundqvist 7 (Reid McNeill 7, Michael Bournival 16) at 5:19
9. Harfangs , Tomas Kubalik 17 (Oscar Sundqvist 11) at 19:30
Penalties :
Jimmy Hayes (BEA) for Hooking (Minor) at 2:40, Maxime Macenauer (Rep) for Holding (Minor) at 7:51, Reid McNeill (BEA) for Boarding (Minor) at 17:02
3rd period
10. Harfangs , Jimmy Hayes 20 (Ryan Hartman 8) at 19:38 (Empty Net)
11. Mulligans , Maxime Macenauer 11 (Cody Goloubef 19, Joonas Donskoi 8) at 19:55
Penalties :
Dylan Olsen (BEA) for Interference (Minor) at 2:48
Goalie Stats
Zachary Fucale (BEA), 32 saves from 37 shots - (0.865), W, 5-4-0, 60:00 minutes
Juuse Saros (Rep), 20 saves from 25 shots - (0.800), L, 5-11-1, 59:41 minutes
Players Stats for Harfangs
Player Name G A P +/- PIM S H SB GA TA FO MP PP MP PK MP
------------------------------------------------------------------------------------
Andreas Martinsen 1 0 1 1 0 5 4 0 0 1 0/0 17:53 0:33 0:33
Blake Heinrich 0 0 0 0 0 1 1 2 0 0 0/0 13:26 0:00 0:31
Brandon Pirri 0 0 0 -1 0 0 1 0 0 1 0/0 13:17 0:07 0:00
Brenden Kichton 0 0 0 -2 0 0 0 3 1 1 0/0 21:02 0:44 3:08
Calle Jarnkrok 0 1 1 0 0 5 1 2 2 3 9/29 19:50 0:32 2:03
Colton Sissons 0 0 0 -1 0 0 1 0 0 0 1/6 13:54 0:38 0:03
Cristoval Nieves 0 0 0 0 0 0 2 0 1 0 2/4 9:58 0:00 0:00
Dustin Jeffrey 0 0 0 -1 0 2 1 0 0 0 0/0 12:23 0:06 2:03
Dylan Olsen 0 0 0 2 4 1 2 2 0 2 0/0 25:31 1:15 1:21
Jimmy Hayes 1 0 1 2 2 4 2 1 1 0 0/0 20:35 0:28 3:16
Jujhar Khaira 0 0 0 -1 0 1 2 0 0 0 0/0 13:39 0:36 0:00
Michael Bournival 0 3 3 3 0 1 0 0 0 0 0/1 14:40 0:59 0:40
Oscar Sundqvist 1 2 3 3 0 2 1 1 0 0 6/15 17:37 0:59 3:26
Reid McNeill 0 2 2 3 2 0 2 0 0 0 0/0 26:22 1:15 2:35
Rinat Valiev 0 0 0 0 0 0 0 2 0 0 0/0 9:08 0:00 2:18
Ryan Hartman 0 1 1 0 0 0 1 0 1 0 0/0 9:52 0:00 0:00
Tomas Kubalik 3 0 3 4 0 4 0 0 1 0 1/1 15:02 0:59 0:00
Zac Leslie 0 0 0 -2 0 0 0 1 0 1 0/0 18:19 0:44 2:11
Players Stats for Mulligans
Player Name G A P +/- PIM S H SB GA TA FO MP PP MP PK MP
------------------------------------------------------------------------------------
Anton Lander 1 1 2 -1 0 6 3 0 1 0 3/4 18:39 2:47 0:50
Ben Hutton 0 0 0 1 0 1 3 0 0 0 0/0 19:22 2:52 0:55
Cade Fairchild 0 0 0 -1 0 0 1 1 0 0 0/0 12:47 0:00 0:00
Christoph Bertschy 0 0 0 -2 0 1 0 0 0 0 1/2 10:14 0:00 0:11
Cody Goloubef 0 1 1 -2 0 4 1 0 1 0 0/0 24:12 3:10 1:04
Dalton Thrower 0 0 0 0 0 0 2 0 0 0 0/0 4:42 0:00 0:00
Darren Dietz 0 0 0 -1 0 2 1 0 0 1 0/0 12:47 0:00 0:00
Drayson Bowman 0 1 1 -1 0 1 0 0 0 1 0/0 14:17 0:00 0:00
Jonathan Tremblay 0 0 0 -1 0 3 2 0 0 0 1/3 20:26 2:50 0:56
Joonas Donskoi 0 1 1 1 0 1 1 0 1 0 3/4 12:16 0:40 0:00
Logan Shaw 1 0 1 0 0 2 2 0 1 1 0/0 17:05 2:57 0:00
Matt Beleskey 0 1 1 1 0 3 1 0 2 0 2/2 18:27 3:12 0:00
Matt Donovan 0 1 1 -2 0 3 5 1 1 1 0/0 27:09 3:10 1:04
Maxime Macenauer 1 1 2 1 2 3 2 0 0 0 3/5 13:24 2:50 0:00
Michael Sdao 0 1 1 1 0 2 1 2 0 2 0/0 19:11 2:52 0:55
Nick Bonino 2 0 2 -1 0 3 4 0 2 1 24/34 20:17 2:50 0:58
Reid Boucher 0 0 0 1 0 1 1 0 0 0 0/1 11:08 0:00 0:11
Sven Baertschi 0 0 0 -2 0 1 0 0 0 0 0/1 11:21 0:00 0:52
Valeri Nichushkin 0 0 0 -2 0 0 0 0 0 0 0/0 10:16 0:00 0:00
3 Stars
1 - Tomas Kubalik (BEA)
2 - Oscar Sundqvist (BEA)
3 - Michael Bournival (BEA)
Power Play
Harfangs - 0 on 1 Attempt(s) - 0.00%
Mulligans - 1 on 4 Attempt(s) - 25.00%
Penalty Kill
Harfangs - 3 on 4 Attempt(s) - 75.00%
- Score 0 goal in Penalty Kill
Mulligans - 1 on 1 Attempt(s) - 100.00%
- Score 0 goal in Penalty Kill
Team Stat
Harfangs - Hits : 21 - Faceoff Wins : 19 - Blocked Shots : 14 - Penalty Minutes : 8
Mulligans - Hits : 30 - Faceoff Wins : 37 - Blocked Shots : 4 - Penalty Minutes : 2
Official
Referees : Unknown
Linesman : Unknown
Game Notes
Rinat Valiev is injured at 19:06 of 2nd period (Right Foot)
Tomas Kubalik has scored a Hat Trick!
Jimmy Hayes has scored in a empty net!
Finance
Level 1 -- Attendance: 1540 (77.00%) -- Ticket Income $38,500
Level 2 -- Attendance: 796 (79.60%) -- Ticket Income $9,552
Total Attendance: 2336 (77.87%)
Total Ticket Income: $48,052
Other Income: $2,403
Total Income: $50,455
Harfangs
5 vs 5 Forward
Center Left Wing Right Wing Time % Phy DF OF
1 Calle Jarnkrok Andreas Martinsen Jimmy Hayes 40 0 1 4
2 Oscar Sundqvist Michael Bournival Tomas Kubalik 30 0 1 4
3 Colton Sissons Jujhar Khaira Brandon Pirri 20 0 1 4
4 Cristoval Nieves Dustin Jeffrey Ryan Hartman 10 0 4 1
5 vs 5 Defense
Defense Defense Time % Phy DF OF
1 Dylan Olsen Reid McNeill 40 1 3 1
2 Brenden Kichton Zac Leslie 30 1 3 1
3 Blake Heinrich Rinat Valiev 20 1 3 1
4 Dylan Olsen Reid McNeill 10 1 3 1
PowerPlay Forward
Center Left Wing Right Wing Time % Phy DF OF
1 Calle Jarnkrok Andreas Martinsen Jimmy Hayes 60 0 1 4
2 Oscar Sundqvist Michael Bournival Tomas Kubalik 40 0 1 4
PowerPlay Defense
Defense Defense Time % Phy DF OF
1 Dylan Olsen Reid McNeill 60 0 2 3
2 Brenden Kichton Zac Leslie 40 0 2 3
Penalty Kill 4 Players Forward
Center Wing Time % Phy DF OF
1 Oscar Sundqvist Jimmy Hayes 60 0 4 1
2 Calle Jarnkrok Dustin Jeffrey 40 0 4 1
Penalty Kill 4 Players Defense
Defense Defense Time % Phy DF OF
1 Dylan Olsen Reid McNeill 60 1 4 0
2 Brenden Kichton Zac Leslie 40 1 4 0
Penalty Kill - 3 Players Forward
Forward Time % Phy DF OF
1 Oscar Sundqvist 60 0 4 1
2 Calle Jarnkrok 40 0 4 1
Penalty Kill - 3 Players Defense
Defense Defense Time % Phy DF OF
1 Dylan Olsen Reid McNeill 60 1 4 0
2 Brenden Kichton Zac Leslie 40 1 4 0
4 vs 4 Forward
Center Wing Time % Phy DF OF
1 Jimmy Hayes Tomas Kubalik 60 0 2 3
2 Brandon Pirri Andreas Martinsen 40 0 2 3
4 vs 4 Defense
Defense Defense Time % Phy DF OF
1 Dylan Olsen Reid McNeill 60 1 3 1
2 Brenden Kichton Zac Leslie 40 1 3 1
Last Minutes Offensive
Center Left Wing Right Wing Defense Defense
Calle Jarnkrok Andreas Martinsen Jimmy Hayes Dylan Olsen Reid McNeill
Last Minutes Defensive
Center Left Wing Right Wing Defense Defense
Calle Jarnkrok Andreas Martinsen Jimmy Hayes Dylan Olsen Reid McNeill
Goaltenders
Starting : Zachary Fucale
Backup : Anton Forsberg
Extra Forwards
Normal : Colton Sissons, Jujhar Khaira, Michael Bournival - PP : Colton Sissons, Jujhar Khaira - PK : Michael Bournival
Extra Defensemen
Normal : Blake Heinrich, Rinat Valiev, Brenden Kichton - PP : Blake Heinrich - PK : Rinat Valiev, Brenden Kichton
Penalty Shots
Jimmy Hayes, Tomas Kubalik, Brandon Pirri, Andreas Martinsen, Calle Jarnkrok
Scratches
Jake Dotchin (Healthy), Morgan Klimchuk (Healthy), Nick Sorensen (Healthy), Laurent Dauphin (Healthy), Mark Alt (Healthy)
Brendan Leipsic (Healthy), Erik Nystrom (Healthy), Steve McCarthy (Healthy), Brian Lashoff (Healthy), Jason Kasdorf (Healthy)
Mark Visentin (Healthy), Scott Wedgewood (Healthy)
Mulligans
5 vs 5 Forward
Center Left Wing Right Wing Time % Phy DF OF
1 Nick Bonino Matt Beleskey Jonathan Tremblay 40 0 2 3
2 Anton Lander Drayson Bowman Logan Shaw 27 0 2 3
3 Maxime Macenauer Reid Boucher Joonas Donskoi 20 1 2 2
4 Christoph Bertschy Sven Baertschi Valeri Nichushkin 13 1 2 2
5 vs 5 Defense
Defense Defense Time % Phy DF OF
1 Matt Donovan Cody Goloubef 40 1 2 2
2 Michael Sdao Ben Hutton 30 1 2 2
3 Cade Fairchild Darren Dietz 20 1 2 2
4 Dalton Thrower Matt Donovan 10 1 2 2
PowerPlay Forward
Center Left Wing Right Wing Time % Phy DF OF
1 Nick Bonino Maxime Macenauer Jonathan Tremblay 60 0 1 4
2 Anton Lander Matt Beleskey Logan Shaw 40 0 1 4
PowerPlay Defense
Defense Defense Time % Phy DF OF
1 Matt Donovan Cody Goloubef 60 0 2 3
2 Michael Sdao Ben Hutton 40 0 2 3
Penalty Kill 4 Players Forward
Center Wing Time % Phy DF OF
1 Nick Bonino Jonathan Tremblay 60 1 2 2
2 Anton Lander Maxime Macenauer 40 1 2 2
Penalty Kill 4 Players Defense
Defense Defense Time % Phy DF OF
1 Matt Donovan Cody Goloubef 60 1 3 1
2 Michael Sdao Ben Hutton 40 1 3 1
Penalty Kill - 3 Players Forward
Forward Time % Phy DF OF
1 Nick Bonino 60 1 2 2
2 Anton Lander 40 1 2 2
Penalty Kill - 3 Players Defense
Defense Defense Time % Phy DF OF
1 Matt Donovan Cody Goloubef 60 1 3 1
2 Michael Sdao Ben Hutton 40 1 3 1
4 vs 4 Forward
Center Wing Time % Phy DF OF
1 Nick Bonino Valeri Nichushkin 60 1 2 2
2 Anton Lander Maxime Macenauer 40 1 2 2
4 vs 4 Defense
Defense Defense Time % Phy DF OF
1 Matt Donovan Cody Goloubef 60 1 2 2
2 Michael Sdao Ben Hutton 40 1 2 2
Last Minutes Offensive
Center Left Wing Right Wing Defense Defense
Nick Bonino Anton Lander Jonathan Tremblay Matt Donovan Cody Goloubef
Last Minutes Defensive
Center Left Wing Right Wing Defense Defense
Nick Bonino Anton Lander Jonathan Tremblay Matt Donovan Cody Goloubef
Goaltenders
Starting : Juuse Saros
Backup : Calvin Pickard
Extra Forwards
Normal : Joonas Donskoi, Valeri Nichushkin, Sven Baertschi - PP : Joonas Donskoi, Valeri Nichushkin - PK : Sven Baertschi
Extra Defensemen
Normal : Cade Fairchild, Darren Dietz, Dalton Thrower - PP : Cade Fairchild - PK : Darren Dietz, Dalton Thrower
Penalty Shots
Nick Bonino, Jonathan Tremblay, Anton Lander, Maxime Macenauer, Valeri Nichushkin
Scratches
Nick Moutrey (Healthy), Eric Tangradi (Sprained Right Finger Injury), John Hayden (Healthy), Jonny Brodzinski (Healthy), Marek Langhamer (Healthy)
% Time on Ice - Harfangs
Lines # - Real PCT - Wanted PCT - Time Play
Normal Forward
1 - 31% - 40% - 16:01
2 - 30% - 30% - 15:21
3 - 22% - 20% - 11:28
4 - 16% - 10% - 8:13
Normal Defense
1 - 34% - 40% - 17:30
2 - 25% - 30% - 12:57
3 - 35% - 20% - 17:59
4 - 5% - 10% - 2:37
PP Forward
1 - 50% - 60% - 1:00
2 - 50% - 40% - 0:59
PP Defense
1 - 63% - 60% - 1:15
2 - 37% - 40% - 0:44
PK Forward
1 - 66% - 60% - 3:59
2 - 34% - 40% - 2:03
PK Defense
1 - 72% - 60% - 4:22
2 - 28% - 40% - 1:40
PK3 Forward
1 - 0% - 60%
2 - 0% - 40%
PK3 Defense
1 - 0% - 60%
2 - 0% - 40%
44 Forward
1 - 0% - 60%
2 - 0% - 40%
44 Defense
1 - 0% - 60%
2 - 0% - 40%
Last Minute Offensive - 0:00
Last Minute Defensive - 0:56
Total
Forward - 60:00
Defense - 60:00
|
% Time on Ice - Mulligans
Lines # - Real PCT - Wanted PCT - Time Play
Normal Forward
1 - 31% - 40% - 15:45
2 - 31% - 27% - 16:01
3 - 20% - 20% - 10:27
4 - 18% - 13% - 9:02
Normal Defense
1 - 38% - 40% - 19:14
2 - 29% - 30% - 15:01
3 - 25% - 20% - 12:47
4 - 8% - 10% - 4:13
PP Forward
1 - 47% - 60% - 2:50
2 - 53% - 40% - 3:12
PP Defense
1 - 52% - 60% - 3:10
2 - 48% - 40% - 2:52
PK Forward
1 - 83% - 60% - 1:39
2 - 17% - 40% - 0:20
PK Defense
1 - 54% - 60% - 1:04
2 - 46% - 40% - 0:55
PK3 Forward
1 - 0% - 60%
2 - 0% - 40%
PK3 Defense
1 - 0% - 60%
2 - 0% - 40%
44 Forward
1 - 0% - 60%
2 - 0% - 40%
44 Defense
1 - 0% - 60%
2 - 0% - 40%
Last Minute Offensive - 0:44
Last Minute Defensive - 0:00
Total
Forward - 60:00
Defense - 60:00
|
Play by Play
1st period
0:01 of 1st period - Nick Bonino wins face-off versus Calle Jarnkrok in neutral zone.
0:48 of 1st period - Slapshot by Cody Goloubef.
0:48 of 1st period - Deflect By Joonas Donskoi.
0:48 of 1st period - Shot Blocked by Brenden Kichton.
0:48 of 1st period - Puck is out of play.
0:49 of 1st period - Joonas Donskoi wins face-off versus Colton Sissons in Harfangs zone.
1:05 of 1st period - Off-side.
1:06 of 1st period - Cristoval Nieves wins face-off versus Christoph Bertschy in neutral zone.
1:15 of 1st period - Cade Fairchild is hit by Blake Heinrich and loses puck.
1:32 of 1st period - Andreas Martinsen is hit by Nick Bonino and loses puck.
2:01 of 1st period - Oscar Sundqvist is hit by Michael Sdao and loses puck.
2:09 of 1st period - Icing by Reid McNeill.
2:10 of 1st period - Joonas Donskoi wins face-off versus Colton Sissons in Harfangs zone.
4:19 of 1st period - Snap shot by Drayson Bowman.
4:19 of 1st period - Stopped by Zachary Fucale without a rebound.
4:20 of 1st period - Anton Lander wins face-off versus Oscar Sundqvist in Harfangs zone.
4:23 of 1st period - Wrist shot by Anton Lander.
4:23 of 1st period - Goal by Anton Lander - Harfangs : 0 - Mulligans : 1.
4:24 of 1st period - Calle Jarnkrok wins face-off versus Nick Bonino in neutral zone.
4:31 of 1st period - Wrist shot by Andreas Martinsen.
4:31 of 1st period - Stopped by Juuse Saros without a rebound.
4:32 of 1st period - Calle Jarnkrok wins face-off versus Nick Bonino in Mulligans zone.
4:33 of 1st period - Snap shot by Andreas Martinsen.
4:33 of 1st period - Shot Misses the Net.
4:39 of 1st period - Snap shot by Matt Beleskey.
4:39 of 1st period - Stopped by Zachary Fucale without a rebound.
4:40 of 1st period - Nick Bonino wins face-off versus Calle Jarnkrok in Harfangs zone.
4:47 of 1st period - Wrist shot by Matt Beleskey.
4:47 of 1st period - Shot Blocked by Jimmy Hayes.
4:55 of 1st period - Matt Beleskey is hit by Andreas Martinsen and loses puck.
5:27 of 1st period - Brandon Pirri is hit by Joonas Donskoi and loses puck.
5:32 of 1st period - Slapshot by Cody Goloubef.
5:32 of 1st period - Shot Blocked by Rinat Valiev.
5:34 of 1st period - Wrist shot by Joonas Donskoi.
5:34 of 1st period - Shot Blocked by Blake Heinrich.
5:36 of 1st period - Slapshot by Cody Goloubef.
5:36 of 1st period - Stopped by Zachary Fucale with a rebound.
5:38 of 1st period - Snap shot by Cody Goloubef.
5:38 of 1st period - Stopped by Zachary Fucale with a rebound.
5:53 of 1st period - Wrist shot by Sven Baertschi.
5:53 of 1st period - Stopped by Zachary Fucale with a rebound.
6:37 of 1st period - Snap shot by Michael Bournival.
6:37 of 1st period - Shot Misses the Net.
6:39 of 1st period - Snap shot by Tomas Kubalik.
6:39 of 1st period - Stopped by Juuse Saros with a rebound.
7:39 of 1st period - Brenden Kichton is hit by Jonathan Tremblay and loses puck.
7:55 of 1st period - Off-side.
7:56 of 1st period - Tomas Kubalik wins face-off versus Sven Baertschi in neutral zone.
7:59 of 1st period - Wrist shot by Tomas Kubalik.
7:59 of 1st period - Goal by Tomas Kubalik - Harfangs : 1 - Mulligans : 1.
8:00 of 1st period - Nick Bonino wins face-off versus Calle Jarnkrok in neutral zone.
8:03 of 1st period - Jimmy Hayes is hit by Cody Goloubef.
8:25 of 1st period - Dylan Olsen is hit by Matt Donovan.
8:47 of 1st period - Dylan Olsen is hit by Ben Hutton and loses puck.
9:26 of 1st period - Darren Dietz is hit by Jimmy Hayes.
9:48 of 1st period - Wrist shot by Michael Bournival.
9:48 of 1st period - Shot Blocked by Cade Fairchild.
9:50 of 1st period - Snap shot by Oscar Sundqvist.
9:50 of 1st period - Stopped by Juuse Saros with a rebound.
9:52 of 1st period - Slapshot by Tomas Kubalik.
9:52 of 1st period - Goal by Tomas Kubalik - Harfangs : 2 - Mulligans : 1.
9:53 of 1st period - Nick Bonino wins face-off versus Calle Jarnkrok in neutral zone.
10:18 of 1st period - Michael Bournival is hit by Matt Donovan and loses puck.
10:23 of 1st period - Slapshot by Logan Shaw.
10:23 of 1st period - Shot Blocked by Oscar Sundqvist.
10:29 of 1st period - Snap shot by Oscar Sundqvist.
10:29 of 1st period - Shot Blocked by Michael Sdao.
10:36 of 1st period - Icing by Drayson Bowman.
10:37 of 1st period - Colton Sissons wins face-off versus Maxime Macenauer in Mulligans zone.
10:49 of 1st period - Ben Hutton is hit by Jujhar Khaira and loses puck.
11:06 of 1st period - Wrist shot by Logan Shaw.
11:06 of 1st period - Shot Misses the Net.
11:10 of 1st period - Wrist shot by Anton Lander.
11:10 of 1st period - Stopped by Zachary Fucale with a rebound.
11:12 of 1st period - Snap shot by Drayson Bowman.
11:12 of 1st period - Deflect By Logan Shaw.
11:12 of 1st period - Shot Hit the Post.
11:12 of 1st period - Puck is out of play.
11:13 of 1st period - Anton Lander wins face-off versus Calle Jarnkrok in Harfangs zone.
11:49 of 1st period - Blake Heinrich is hit by Matt Donovan and loses puck.
12:02 of 1st period - Blake Heinrich is hit by Ben Hutton and loses puck.
12:29 of 1st period - Snap shot by Brandon Pirri.
12:29 of 1st period - Shot Blocked by Michael Sdao.
12:31 of 1st period - Slapshot by Blake Heinrich.
12:31 of 1st period - Stopped by Juuse Saros with a rebound.
12:49 of 1st period - Slapshot by Ben Hutton.
12:49 of 1st period - Deflect By Jimmy Hayes.
12:49 of 1st period - Stopped by Zachary Fucale without a rebound.
12:50 of 1st period - Nick Bonino wins face-off versus Oscar Sundqvist in Harfangs zone.
12:53 of 1st period - Snap shot by Nick Bonino.
12:53 of 1st period - Stopped by Zachary Fucale with a rebound.
12:55 of 1st period - Wrist shot by Jonathan Tremblay.
12:55 of 1st period - Shot Misses the Net.
12:57 of 1st period - Snap shot by Nick Bonino.
12:57 of 1st period - Shot Misses the Net.
12:59 of 1st period - Wrist shot by Nick Bonino.
12:59 of 1st period - Shot Misses the Net.
13:01 of 1st period - Slapshot by Jonathan Tremblay.
13:01 of 1st period - Stopped by Zachary Fucale with a rebound.
13:03 of 1st period - Slapshot by Jonathan Tremblay.
13:03 of 1st period - Stopped by Zachary Fucale with a rebound.
13:26 of 1st period - Minor Penalty to Dylan Olsen for Holding.
13:27 of 1st period - Oscar Sundqvist wins face-off versus Nick Bonino in Harfangs zone.
13:43 of 1st period - Wrist shot by Maxime Macenauer.
13:43 of 1st period - Stopped by Zachary Fucale without a rebound.
13:44 of 1st period - Oscar Sundqvist wins face-off versus Nick Bonino in Harfangs zone.
14:24 of 1st period - Rinat Valiev is hit by Logan Shaw and loses puck.
14:49 of 1st period - Snap shot by Matt Beleskey.
14:49 of 1st period - Shot Misses the Net.
14:51 of 1st period - Snap shot by Anton Lander.
14:51 of 1st period - Shot Misses the Net.
15:26 of 1st period - Penalty to Dylan Olsen is over, Dylan Olsen is back on ice.
15:35 of 1st period - Wrist shot by Anton Lander.
15:35 of 1st period - Stopped by Zachary Fucale with a rebound.
15:37 of 1st period - Slapshot by Michael Sdao.
15:37 of 1st period - Shot Blocked by Dylan Olsen.
15:39 of 1st period - Slapshot by Logan Shaw.
15:39 of 1st period - Goal by Logan Shaw - Harfangs : 2 - Mulligans : 2.
15:40 of 1st period - Oscar Sundqvist wins face-off versus Reid Boucher in neutral zone.
15:45 of 1st period - Slapshot by Cody Goloubef.
15:45 of 1st period - Shot Misses the Net.
15:47 of 1st period - Snap shot by Matt Donovan.
15:47 of 1st period - Stopped by Zachary Fucale with a rebound.
15:49 of 1st period - Slapshot by Matt Donovan.
15:49 of 1st period - Stopped by Zachary Fucale with a rebound.
16:15 of 1st period - Slapshot by Matt Donovan.
16:15 of 1st period - Shot Misses the Net.
16:43 of 1st period - Michael Bournival is hit by Darren Dietz and loses puck.
18:17 of 1st period - Darren Dietz is hit by Ryan Hartman and loses puck.
19:37 of 1st period - Dylan Olsen is hit by Matt Beleskey and loses puck.
19:44 of 1st period - Matt Beleskey is hit by Jujhar Khaira and loses puck.
Goals for this period are 2 for Harfangs vs 2 for Mulligans.
Shots for this period are 6 for Harfangs vs 16 for Mulligans.
2nd period
0:01 of 2nd period - Calle Jarnkrok wins face-off versus Nick Bonino in neutral zone.
0:10 of 2nd period - Slapshot by Andreas Martinsen.
0:10 of 2nd period - Shot Misses the Net.
0:12 of 2nd period - Wrist shot by Andreas Martinsen.
0:12 of 2nd period - Stopped by Juuse Saros without a rebound.
0:13 of 2nd period - Nick Bonino wins face-off versus Calle Jarnkrok in Mulligans zone.
0:13 of 2nd period - Nick Bonino is hit by Andreas Martinsen.
0:40 of 2nd period - Matt Donovan is hit by Reid McNeill and loses puck.
1:48 of 2nd period - Wrist shot by Ryan Hartman.
1:48 of 2nd period - Shot Misses the Net.
2:22 of 2nd period - Reid McNeill is hit by Reid Boucher and loses puck.
2:40 of 2nd period - Minor Penalty to Jimmy Hayes for Hooking.
2:41 of 2nd period - Nick Bonino wins face-off versus Oscar Sundqvist in Harfangs zone.
2:45 of 2nd period - Slapshot by Nick Bonino.
2:45 of 2nd period - Goal by Nick Bonino - Harfangs : 2 - Mulligans : 3.
2:46 of 2nd period - Calle Jarnkrok wins face-off versus Nick Bonino in neutral zone.
2:53 of 2nd period - Slapshot by Dylan Olsen.
2:53 of 2nd period - Stopped by Juuse Saros without a rebound.
2:54 of 2nd period - Nick Bonino wins face-off versus Calle Jarnkrok in Mulligans zone.
3:03 of 2nd period - Wrist shot by Calle Jarnkrok.
3:03 of 2nd period - Stopped by Juuse Saros with a rebound.
3:05 of 2nd period - Wrist shot by Calle Jarnkrok.
3:05 of 2nd period - Stopped by Juuse Saros with a rebound.
3:07 of 2nd period - Slapshot by Reid McNeill.
3:07 of 2nd period - Deflect By Andreas Martinsen.
3:07 of 2nd period - Goal by Andreas Martinsen - Harfangs : 3 - Mulligans : 3.
3:08 of 2nd period - Matt Beleskey wins face-off versus Calle Jarnkrok in neutral zone.
3:17 of 2nd period - Nick Bonino is hit by Dylan Olsen and loses puck.
3:34 of 2nd period - Michael Bournival is hit by Anton Lander and loses puck.
4:39 of 2nd period - Snap shot by Matt Beleskey.
4:39 of 2nd period - Stopped by Zachary Fucale with a rebound.
4:41 of 2nd period - Wrist shot by Nick Bonino.
4:41 of 2nd period - Goal by Nick Bonino - Harfangs : 3 - Mulligans : 4.
4:42 of 2nd period - Nick Bonino wins face-off versus Calle Jarnkrok in neutral zone.
4:44 of 2nd period - Off-side.
4:45 of 2nd period - Calle Jarnkrok wins face-off versus Nick Bonino in neutral zone.
5:12 of 2nd period - Logan Shaw is hit by Reid McNeill and loses puck.
5:17 of 2nd period - Wrist shot by Michael Bournival.
5:17 of 2nd period - Stopped by Juuse Saros with a rebound.
5:19 of 2nd period - Slapshot by Reid McNeill.
5:19 of 2nd period - Deflect By Oscar Sundqvist.
5:19 of 2nd period - Goal by Oscar Sundqvist - Harfangs : 4 - Mulligans : 4.
5:20 of 2nd period - Nick Bonino wins face-off versus Calle Jarnkrok in neutral zone.
5:32 of 2nd period - Icing by Reid McNeill.
5:33 of 2nd period - Jonathan Tremblay wins face-off versus Calle Jarnkrok in Harfangs zone.
5:46 of 2nd period - Wrist shot by Matt Donovan.
5:46 of 2nd period - Shot Hit the Post.
6:33 of 2nd period - Snap shot by Logan Shaw.
6:33 of 2nd period - Shot Blocked by Zac Leslie.
7:01 of 2nd period - Snap shot by Anton Lander.
7:01 of 2nd period - Stopped by Zachary Fucale with a rebound.
7:03 of 2nd period - Snap shot by Michael Sdao.
7:03 of 2nd period - Shot Misses the Net.
7:05 of 2nd period - Slapshot by Michael Sdao.
7:05 of 2nd period - Deflect By Logan Shaw.
7:05 of 2nd period - Stopped by Zachary Fucale with a rebound.
7:07 of 2nd period - Slapshot by Ben Hutton.
7:07 of 2nd period - Shot Misses the Net.
7:09 of 2nd period - Slapshot by Michael Sdao.
7:09 of 2nd period - Deflect By Jimmy Hayes.
7:09 of 2nd period - Stopped by Zachary Fucale without a rebound.
7:10 of 2nd period - Nick Bonino wins face-off versus Oscar Sundqvist in Harfangs zone.
7:35 of 2nd period - Brandon Pirri is hit by Maxime Macenauer and loses puck.
7:51 of 2nd period - Minor Penalty to Maxime Macenauer for Holding.
7:52 of 2nd period - Nick Bonino wins face-off versus Oscar Sundqvist in Mulligans zone.
9:51 of 2nd period - Penalty to Maxime Macenauer is over, Maxime Macenauer is back on ice.
10:30 of 2nd period - Jujhar Khaira is hit by Dalton Thrower and loses puck.
10:43 of 2nd period - Christoph Bertschy is hit by Cristoval Nieves and loses puck.
10:54 of 2nd period - Dylan Olsen is hit by Logan Shaw and loses puck.
11:07 of 2nd period - Calle Jarnkrok is hit by Ben Hutton and loses puck.
11:12 of 2nd period - Wrist shot by Joonas Donskoi.
11:12 of 2nd period - Stopped by Zachary Fucale without a rebound.
11:13 of 2nd period - Maxime Macenauer wins face-off versus Cristoval Nieves in Harfangs zone.
11:16 of 2nd period - Wrist shot by Joonas Donskoi.
11:16 of 2nd period - Shot Misses the Net.
11:18 of 2nd period - Slapshot by Reid Boucher.
11:18 of 2nd period - Stopped by Zachary Fucale with a rebound.
11:26 of 2nd period - Wrist shot by Joonas Donskoi.
11:26 of 2nd period - Deflect By Ryan Hartman.
11:26 of 2nd period - Shot Misses the Net.
11:26 of 2nd period - Puck is out of play.
11:27 of 2nd period - Nick Bonino wins face-off versus Calle Jarnkrok in Harfangs zone.
11:32 of 2nd period - Snap shot by Andreas Martinsen.
11:32 of 2nd period - Deflect By Jimmy Hayes.
11:32 of 2nd period - Stopped by Juuse Saros without a rebound.
11:33 of 2nd period - Nick Bonino wins face-off versus Calle Jarnkrok in Mulligans zone.
11:58 of 2nd period - Snap shot by Matt Beleskey.
11:58 of 2nd period - Shot Misses the Net.
12:28 of 2nd period - Snap shot by Brandon Pirri.
12:28 of 2nd period - Shot Blocked by Matt Donovan.
12:50 of 2nd period - Snap shot by Matt Beleskey.
12:50 of 2nd period - Shot Blocked by Dylan Olsen.
12:52 of 2nd period - Wrist shot by Jonathan Tremblay.
12:52 of 2nd period - Stopped by Zachary Fucale without a rebound.
12:53 of 2nd period - Calle Jarnkrok wins face-off versus Anton Lander in Harfangs zone.
13:00 of 2nd period - Slapshot by Andreas Martinsen.
13:00 of 2nd period - Shot Misses the Net.
13:02 of 2nd period - Backhand shot by Andreas Martinsen.
13:02 of 2nd period - Stopped by Juuse Saros with a rebound.
13:04 of 2nd period - Snap shot by Calle Jarnkrok.
13:04 of 2nd period - Stopped by Juuse Saros without a rebound.
13:05 of 2nd period - Nick Bonino wins face-off versus Calle Jarnkrok in Mulligans zone.
13:05 of 2nd period - Nick Bonino is hit by Dylan Olsen.
13:39 of 2nd period - Tomas Kubalik is hit by Anton Lander and loses puck.
14:13 of 2nd period - Slapshot by Cristoval Nieves.
14:13 of 2nd period - Shot Misses the Net.
14:15 of 2nd period - Slapshot by Reid McNeill.
14:15 of 2nd period - Deflect By Ryan Hartman.
14:15 of 2nd period - Shot Hit the Post.
14:15 of 2nd period - Puck is out of play.
14:16 of 2nd period - Matt Beleskey wins face-off versus Cristoval Nieves in Mulligans zone.
14:21 of 2nd period - Backhand shot by Michael Sdao.
14:21 of 2nd period - Stopped by Zachary Fucale without a rebound.
14:22 of 2nd period - Nick Bonino wins face-off versus Calle Jarnkrok in Harfangs zone.
15:31 of 2nd period - Wrist shot by Sven Baertschi.
15:31 of 2nd period - Shot Blocked by Rinat Valiev.
15:33 of 2nd period - Wrist shot by Cody Goloubef.
15:33 of 2nd period - Deflect By Ryan Hartman.
15:33 of 2nd period - Stopped by Zachary Fucale with a rebound.
15:35 of 2nd period - Snap shot by Christoph Bertschy.
15:35 of 2nd period - Shot Misses the Net.
16:32 of 2nd period - Snap shot by Jujhar Khaira.
16:32 of 2nd period - Stopped by Juuse Saros without a rebound.
16:33 of 2nd period - Maxime Macenauer wins face-off versus Colton Sissons in Mulligans zone.
16:46 of 2nd period - Slapshot by Darren Dietz.
16:46 of 2nd period - Stopped by Zachary Fucale without a rebound.
16:47 of 2nd period - Nick Bonino wins face-off versus Calle Jarnkrok in Harfangs zone.
17:00 of 2nd period - Wrist shot by Matt Beleskey.
17:00 of 2nd period - Shot Misses the Net.
17:02 of 2nd period - Minor Penalty to Reid McNeill for Boarding.
17:03 of 2nd period - Nick Bonino wins face-off versus Oscar Sundqvist in Harfangs zone.
17:20 of 2nd period - Oscar Sundqvist is hit by Matt Donovan and loses puck.
17:39 of 2nd period - Snap shot by Matt Beleskey.
17:39 of 2nd period - Shot Misses the Net.
17:41 of 2nd period - Slapshot by Anton Lander.
17:41 of 2nd period - Deflect By Matt Beleskey.
17:41 of 2nd period - Shot Misses the Net.
17:41 of 2nd period - Puck is out of play.
17:42 of 2nd period - Nick Bonino wins face-off versus Oscar Sundqvist in Harfangs zone.
19:02 of 2nd period - Penalty to Reid McNeill is over, Reid McNeill is back on ice.
19:05 of 2nd period - Rinat Valiev is hit by Nick Bonino and loses puck.
19:06 of 2nd period - Rinat Valiev from Harfangs is injured at 19:06 of 2nd period (Right Foot).
19:07 of 2nd period - Calle Jarnkrok wins face-off versus Nick Bonino in Harfangs zone.
19:18 of 2nd period - Slapshot by Jimmy Hayes.
19:18 of 2nd period - Stopped by Juuse Saros with a rebound.
19:20 of 2nd period - Snap shot by Calle Jarnkrok.
19:20 of 2nd period - Stopped by Juuse Saros with a rebound.
19:22 of 2nd period - Slapshot by Reid McNeill.
19:22 of 2nd period - Deflect By Andreas Martinsen.
19:22 of 2nd period - Stopped by Juuse Saros without a rebound.
19:23 of 2nd period - Anton Lander wins face-off versus Oscar Sundqvist in Mulligans zone.
19:30 of 2nd period - Backhand shot by Tomas Kubalik.
19:30 of 2nd period - Goal by Tomas Kubalik - Harfangs : 5 - Mulligans : 4.
19:31 of 2nd period - Nick Bonino wins face-off versus Calle Jarnkrok in neutral zone.
Goals for this period are 3 for Harfangs vs 2 for Mulligans.
Shots for this period are 15 for Harfangs vs 12 for Mulligans.
3rd period
0:01 of 3rd period - Calle Jarnkrok wins face-off versus Nick Bonino in neutral zone.
0:36 of 3rd period - Icing by Oscar Sundqvist.
0:37 of 3rd period - Oscar Sundqvist wins face-off versus Maxime Macenauer in Harfangs zone.
0:44 of 3rd period - Wrist shot by Maxime Macenauer.
0:44 of 3rd period - Shot Misses the Net.
1:10 of 3rd period - Snap shot by Anton Lander.
1:10 of 3rd period - Stopped by Zachary Fucale with a rebound.
1:12 of 3rd period - Wrist shot by Anton Lander.
1:12 of 3rd period - Stopped by Zachary Fucale with a rebound.
1:14 of 3rd period - Slapshot by Darren Dietz.
1:14 of 3rd period - Stopped by Zachary Fucale without a rebound.
1:15 of 3rd period - Nick Bonino wins face-off versus Calle Jarnkrok in Harfangs zone.
1:16 of 3rd period - Snap shot by Matt Beleskey.
1:16 of 3rd period - Stopped by Zachary Fucale without a rebound.
1:17 of 3rd period - Calle Jarnkrok wins face-off versus Nick Bonino in Harfangs zone.
1:17 of 3rd period - Calle Jarnkrok is hit by Nick Bonino.
1:23 of 3rd period - Jonathan Tremblay is hit by Andreas Martinsen and loses puck.
2:06 of 3rd period - Ben Hutton is hit by Cristoval Nieves and loses puck.
2:35 of 3rd period - Wrist shot by Logan Shaw.
2:35 of 3rd period - Shot Blocked by Calle Jarnkrok.
2:37 of 3rd period - Snap shot by Anton Lander.
2:37 of 3rd period - Shot Misses the Net.
2:39 of 3rd period - Snap shot by Logan Shaw.
2:39 of 3rd period - Shot Blocked by Calle Jarnkrok.
2:41 of 3rd period - Slapshot by Anton Lander.
2:41 of 3rd period - Shot Misses the Net.
2:48 of 3rd period - Minor Penalty to Dylan Olsen for Interference.
2:49 of 3rd period - Nick Bonino wins face-off versus Oscar Sundqvist in Harfangs zone.
3:01 of 3rd period - Oscar Sundqvist is hit by Maxime Macenauer and loses puck.
3:53 of 3rd period - Icing by Nick Bonino.
3:54 of 3rd period - Joonas Donskoi wins face-off versus Michael Bournival in Mulligans zone.
3:58 of 3rd period - Off-side.
3:59 of 3rd period - Oscar Sundqvist wins face-off versus Joonas Donskoi in neutral zone.
4:22 of 3rd period - Reid McNeill is hit by Jonathan Tremblay and loses puck.
4:48 of 3rd period - Penalty to Dylan Olsen is over, Dylan Olsen is back on ice.
4:57 of 3rd period - Wrist shot by Brandon Pirri.
4:57 of 3rd period - Deflect By Jujhar Khaira.
4:57 of 3rd period - Shot Misses the Net.
4:57 of 3rd period - Puck is out of play.
4:58 of 3rd period - Christoph Bertschy wins face-off versus Colton Sissons in Mulligans zone.
5:03 of 3rd period - Cade Fairchild is hit by Brandon Pirri and loses puck.
5:22 of 3rd period - Snap shot by Matt Donovan.
5:22 of 3rd period - Shot Blocked by Blake Heinrich.
5:24 of 3rd period - Slapshot by Cody Goloubef.
5:24 of 3rd period - Shot Blocked by Brenden Kichton.
5:26 of 3rd period - Slapshot by Sven Baertschi.
5:26 of 3rd period - Shot Misses the Net.
5:28 of 3rd period - Slapshot by Cody Goloubef.
5:28 of 3rd period - Shot Misses the Net.
5:30 of 3rd period - Slapshot by Matt Donovan.
5:30 of 3rd period - Shot Misses the Net.
5:38 of 3rd period - Snap shot by Sven Baertschi.
5:38 of 3rd period - Shot Misses the Net.
6:06 of 3rd period - Snap shot by Matt Donovan.
6:06 of 3rd period - Shot Misses the Net.
6:08 of 3rd period - Slapshot by Matt Donovan.
6:08 of 3rd period - Shot Misses the Net.
6:10 of 3rd period - Backhand shot by Matt Donovan.
6:10 of 3rd period - Shot Misses the Net.
6:44 of 3rd period - Wrist shot by Christoph Bertschy.
6:44 of 3rd period - Shot Misses the Net.
6:46 of 3rd period - Wrist shot by Christoph Bertschy.
6:46 of 3rd period - Shot Misses the Net.
6:50 of 3rd period - Wrist shot by Christoph Bertschy.
6:50 of 3rd period - Stopped by Zachary Fucale with a rebound.
7:14 of 3rd period - Slapshot by Matt Donovan.
7:14 of 3rd period - Shot Blocked by Brenden Kichton.
7:32 of 3rd period - Brandon Pirri is hit by Matt Donovan and loses puck.
7:37 of 3rd period - Slapshot by Cody Goloubef.
7:37 of 3rd period - Stopped by Zachary Fucale with a rebound.
7:39 of 3rd period - Snap shot by Matt Donovan.
7:39 of 3rd period - Stopped by Zachary Fucale without a rebound.
7:40 of 3rd period - Nick Bonino wins face-off versus Calle Jarnkrok in Harfangs zone.
7:53 of 3rd period - Snap shot by Calle Jarnkrok.
7:53 of 3rd period - Stopped by Juuse Saros without a rebound.
7:54 of 3rd period - Oscar Sundqvist wins face-off versus Jonathan Tremblay in Mulligans zone.
8:29 of 3rd period - Ben Hutton is hit by Jimmy Hayes.
8:45 of 3rd period - Michael Sdao is hit by Dustin Jeffrey.
9:14 of 3rd period - Darren Dietz is hit by Oscar Sundqvist and loses puck.
10:07 of 3rd period - Andreas Martinsen is hit by Dalton Thrower and loses puck.
11:41 of 3rd period - Reid Boucher is hit by Andreas Martinsen and loses puck.
12:06 of 3rd period - Dylan Olsen is hit by Anton Lander and loses puck.
15:01 of 3rd period - Maxime Macenauer is hit by Colton Sissons and loses puck.
16:06 of 3rd period - Matt Beleskey is hit by Calle Jarnkrok and loses puck.
17:22 of 3rd period - Zac Leslie is hit by Nick Bonino and loses puck.
18:27 of 3rd period - Reid McNeill is hit by Cade Fairchild and loses puck.
18:56 of 3rd period - Wrist shot by Dustin Jeffrey.
18:56 of 3rd period - Stopped by Juuse Saros with a rebound.
18:58 of 3rd period - Slapshot by Dustin Jeffrey.
18:58 of 3rd period - Stopped by Juuse Saros without a rebound.
18:59 of 3rd period - Paul Maurice call a timeout for Mulligans.
18:59 of 3rd period - Cristoval Nieves wins face-off versus Jonathan Tremblay in Mulligans zone.
19:02 of 3rd period - Wrist shot by Jimmy Hayes.
19:02 of 3rd period - Stopped by Juuse Saros with a rebound.
19:20 of 3rd period - Mulligans, Juuse Saros is pulled from the net.
19:38 of 3rd period - Snap shot by Jimmy Hayes.
19:38 of 3rd period - Goal by Jimmy Hayes - Harfangs : 6 - Mulligans : 4.
19:38 of 3rd period - Juuse Saros from Mulligans was sent back in the game.
19:39 of 3rd period - Maxime Macenauer wins face-off versus Colton Sissons in neutral zone.
19:51 of 3rd period - Snap shot by Maxime Macenauer.
19:51 of 3rd period - Stopped by Zachary Fucale with a rebound.
19:53 of 3rd period - Slapshot by Cody Goloubef.
19:53 of 3rd period - Shot Misses the Net.
19:55 of 3rd period - Wrist shot by Maxime Macenauer.
19:55 of 3rd period - Goal by Maxime Macenauer - Harfangs : 6 - Mulligans : 5.
19:56 of 3rd period - Nick Bonino wins face-off versus Calle Jarnkrok in neutral zone.
19:59 of 3rd period - Mulligans, Juuse Saros is pulled from the net.
Goals for this period are 1 for Harfangs vs 1 for Mulligans.
Shots for this period are 5 for Harfangs vs 9 for Mulligans.
Back to the Top